 Dungeon Crawl Stone Soup version 0.27-a0-998-g4cfe56dd59 (webtiles) character file.

Game seed: 8025663313995539693

53 spiderkeys the Digger (level 3, -16/28 HPs)
             Began as a Demigod Earth Elementalist on Apr 17, 2021.
             Demolished by Crazy Yiuf
             ... wielding a +4 quarterstaff of chaos
              (17 damage)
             ... on level 2 of the Dungeon.
             The game lasted 00:03:14 (2727 turns).

spiderkeys the Digger (Demigod Earth Elementalist)  Turns: 2727, Time: 00:03:14

Health: -16/28     AC:  2    Str: 13    XL:     3   Next: 42%
Magic:  2/8        EV: 12    Int: 17    God:
Gold:   51         SH:  0    Dex: 14    Spells: 5/6 levels left

rFire    . . .     SeeInvis .   h - +0 mace
rCold    + . .     Faith    .   (no shield)
rNeg     . . .     Spirit   .   c - +0 robe
rPois    .         Reflect  .   (no helmet)
rElec    .         Harm     .   (no cloak)
rCorr    .         Rampage  .   (no gloves)
Will     .....                  (no boots)
Stlth    ++........             (no amulet)
HPRegen  0.09/turn              C - ring of protection from cold
MPRegen  0.11/turn              (no ring)

@: very slightly contaminated, hasted, very quick
A: high mp 1, forlorn
a: no special abilities


You were on level 2 of the Dungeon.
You visited 1 branch of the dungeon, and saw 2 of its levels.

You collected 51 gold pieces.


Innate Abilities, Weirdness & Mutations

Your attributes grow dramatically as you level up.
You have an increased reservoir of magic. (+10% MP)
You shall have no god before yourself.


   Skills:
 + Level 1.1 Fighting
 + Level 2.2 Dodging
 - Level 1.7 Stealth
 + Level 2.1 Spellcasting
 + Level 1.5 Transmutations
 + Level 3.0 Earth Magic


You had 5 spell levels left.
You knew the following spells:

 Your Spells              Type           Power      Damage    Failure   Level
z - Sandblast             Erth           24%        2d8       5%          1

Your spell library contained the following spells:

 Spells                   Type           Power      Damage    Failure   Level
 Passwall                 Tmut/Erth      7%         N/A       11%         2
 Stone Arrow              Conj/Erth      14%        3d7       30%         3
 Petrify                  Tmut/Erth      9%         N/A       58%         4
 Lee's Rapid Deconstruct  Erth           6%         3d7*      83%         5

Inventory:

Hand Weapons
 a - a +0 club
   (You took it off a kobold on level 1 of the Dungeon)
 h - a +0 mace (weapon)
   (You found it on level 2 of the Dungeon)
Missiles
 b - 29 stones
 f - 29 bolts
Armour
 c - a +0 robe (worn)
Jewellery
 C - a ring of protection from cold (left hand)
   (You took it off a goblin on level 2 of the Dungeon)
Scrolls
 i - a scroll of summoning {unknown}
 j - a scroll of identify {unknown}
Potions
 d - a potion of lignification {unknown}
 e - a potion of curing {unknown}
 g - 2 potions of resistance {unknown}

Dungeon Overview and Level Annotations

Branches:
Dungeon (2/15)

Annotations:
D:2 Crazy Yiuf

..##...##.....######..<.###....#
...##..####.#........#### #....#
.......# #.....###### ######
......### ####### ........#
......#.# #####..###♣♣ ###
##...#.P♣♣ ♣♣#..)#
##.......P♣♣♣♣@g...#
#..........♣..♣#...#
#.....#...♣.♣♣♣ ###
#.....##♣♣♣♣♣ #...).#
#.....###########
#...............#
##.............##
##.....#..)..##


You could see Crazy Yiuf.


Message History

The bat hits you but does no damage. The bat barely misses you.
The bat hits you but does no damage. x2
You hit the bat.
You kill the bat!
No target in view!
No target in view!
You see here a ball python corpse.
You see here a +0 leather armour.
Key pressed, stopping explore.
There is a stone staircase leading up here.
Key pressed, stopping explore.
A giant cockroach comes into view.
You see here a scroll labelled YSOPLA QEIDIFI.
A giant cockroach is nearby!
The giant cockroach closely misses you.
You barely miss the giant cockroach.
The giant cockroach bites you but does no damage.
You hit the giant cockroach. The giant cockroach misses you. x2
You closely miss the giant cockroach.
The giant cockroach bites you but does no damage.
The giant cockroach barely misses you.
You barely miss the giant cockroach. The giant cockroach barely misses you.
You closely miss the giant cockroach. The giant cockroach bites you.
The giant cockroach bites you but does no damage. 😕 HP[-1]
You take 1 damage, and now have 27/28 hp.
You barely miss the giant cockroach. The giant cockroach misses you.
The giant cockroach closely misses you.
A giant cockroach is nearby!
You hit the giant cockroach.
The giant cockroach bites you but does no damage.
You hit the giant cockroach.
You kill the giant cockroach!
No target in view!
No target in view!
i - a scroll labelled YSOPLA QEIDIFI 😎 HP[+1]
Your hp is fully restored (28).
You see here a giant cockroach corpse.
Found a stone staircase leading down.
j - a scroll labelled UDOSET EDWIOGO You see here a giant cockroach corpse.
Crazy Yiuf cries, "Tosser infinity dark!"
You open the door.
Crazy Yiuf twirls on the spot.
The blast of sand hits Crazy Yiuf but does no damage.
Crazy Yiuf closely misses you. 😎 MP[-1]
You lost 1 mp, and now have 7/8 mp.
You miscast Sandblast.
You are very lightly contaminated with residual magic.
Nothing appears to happen.
Crazy Yiuf hits you with a +4 quarterstaff of chaos!
You feel yourself speed up. 😮 HP[-10] MP[-1]
You take 10 damage, and now have 18/28 hp.
MASSIVE DAMAGE!! (PAUSE)
You lost 1 mp, and now have 6/8 mp.
You are too injured to fight recklessly!
Casting: Sandblast (safe; 5% risk of failure)
Confirm with . or Enter, or press ? or * to list all spells.
Aiming: Sandblast (safe; 5% risk of failure)
Press: ? - help, Shift-Dir - straight line, f/p - Crazy Yiuf
Aim: Crazy Yiuf, wielding a +4 quarterstaff of chaos and wearing a +2 cloak (82% to hit)
The blast of sand hits Crazy Yiuf!
Crazy Yiuf closely misses you. 😮 MP[-1]
You lost 1 mp, and now have 5/8 mp.
Casting: Sandblast (safe; 5% risk of failure)
Confirm with . or Enter, or press ? or * to list all spells.
Aiming: Sandblast (safe; 5% risk of failure)
Press: ? - help, Shift-Dir - straight line, f/p - Crazy Yiuf
Aim: Crazy Yiuf, wielding a +4 quarterstaff of chaos and wearing a +2 cloak (heavily wounded, 82% to hit)
The blast of sand hits Crazy Yiuf. 😮 MP[-1]
You lost 1 mp, and now have 4/8 mp.
Casting: Sandblast (safe; 5% risk of failure)
Confirm with . or Enter, or press ? or * to list all spells.
Aiming: Sandblast (safe; 5% risk of failure)
Press: ? - help, Shift-Dir - straight line, f/p - Crazy Yiuf
Aim: Crazy Yiuf, wielding a +4 quarterstaff of chaos and wearing a +2 cloak (severely wounded, 82% to hit)
The blast of sand hits Crazy Yiuf.
Crazy Yiuf grits, "Lugonu!
Earwax disdain eyeball."
Crazy Yiuf hits you with a +4 quarterstaff of chaos!
Ouch! That really hurt!
* * * LOW HITPOINT WARNING * * *
Crazy Yiuf draws strength from your wounds! 😱 HP[-17] MP[-1]
You take 17 damage, and now have 1/28 hp.
MASSIVE DAMAGE!! (PAUSE)
You lost 1 mp, and now have 3/8 mp.
Casting: Sandblast (safe; 5% risk of failure)
Confirm with . or Enter, or press ? or * to list all spells.
Aiming: Sandblast (safe; 5% risk of failure)
Press: ? - help, Shift-Dir - straight line, f/p - Crazy Yiuf
Aim: Crazy Yiuf, wielding a +4 quarterstaff of chaos and wearing a +2 cloak (82% to hit)
The blast of sand hits Crazy Yiuf but does no damage.
Crazy Yiuf hits you with a +4 quarterstaff of chaos!
Ouch! That really hurt!
You die...

Skill      XL: |  1  2  3 |
---------------+----------+-----
Transmutations | 1 |  1.5
Dodging        | 2 |  2.2
Spellcasting   | 2 |  2.1
Earth Magic    | 3 |  3.0
Fighting       | 1 |  1.1
Stealth        | |  1.7

Action                   || total
-------------------------++-------
Melee: Club              ||    61
       Mace              ||    40
 Cast: Sandblast         ||    34
  Use: Scroll            ||     2
 Stab: Sleeping          ||     6
Armor: Robe              ||    22
Dodge: Dodged            ||    90

Levels and vault maps discovered:
D:1:      dpeg_arrival_connections, layout_basic
D:2:      minmay_wonky_spiral, layout_rooms, uniq_crazy_yiuf_cottage

Notes
Turn   | Place    | Note
-------+----------+-------------------------------------------
     0 | D:1      | spiderkeys the Demigod Earth Elementalist began the quest
                  | for the Orb.
     0 | D:1      | Reached XP level 1. HP: 14/14 MP: 5/5
     0 | D:1      | magus.rc [v1.9.10]
    37 | D:1      | Reached skill level 1 in Transmutations
   391 | D:1      | Reached skill level 2 in Dodging
   391 | D:1      | Reached XP level 2. HP: 16/22 MP: 5/7
   549 | D:1      | Reached skill level 2 in Spellcasting
  1390 | D:1      | You fall into a shaft and drop 1 floor!
  1401 | D:2      | Reached XP level 3. HP: 17/27 MP: 8/8
  1420 | D:2      | Reached skill level 3 in Earth Magic
  1889 | D:2      | Reached skill level 1 in Fighting
  1964 | D:2      | HP: 6/28 [quokka (4)]
  2428 | D:2      | Found a runed translucent door.
  2429 | D:2      | Noticed Crazy Yiuf
  2726 | D:2      | HP: 1/28 [Crazy Yiuf/+4 quarterstaff of chaos (17)]
  2727 | D:2      | Demolished by Crazy Yiuf

Vanquished Creatures
  4 ball pythons
  4 endoplasms
  3 giant cockroaches
  5 goblins
  7 hobgoblins
  4 jackals (D:1)
  5 kobolds
  5 quokkas
  3 bats (D:2)
  2 frilled lizards (D:1)
  2 rats
44 creatures vanquished.

Vanquished Creatures (others)
  2 fungi (D:2)
2 creatures vanquished.

Grand Total: 46 creatures vanquished

Table legend:
 A = Non-vault XP
 B = Vault XP
 C = Vault XP percentage of total XP
 D = Non-vault monster count
 E = Vault monster count
 F = Vault count percentage of total count
                 A         B        C        D         E       F
            +---------+---------+-------+---------+---------+-------
      Total |      72 |       5 |   6.5 |      41 |       3 |   6.8
            +---------+---------+-------+---------+---------+-------
        D:1 |      46 |       0 |   0.0 |      26 |       0 |   0.0
        D:2 |      26 |       5 |  16.1 |      15 |       3 |  16.7
            +---------+---------+-------+---------+---------+-------

Illustrated notes

Table legend:
 A = Kills in this place as a percentage of kills in entire the game.
 B = Kills by you in this place as a percentage of kills by you in the entire game.
 C = Kills by friends in this place as a percentage of kills by friends in the entire game.
 D = Other kills in this place as a percentage of other kills in the entire game.
 E = Experience gained in this place as a percentage of experience gained in the entire game.
 F = Experience gained in this place divided by the number of levels of this place that you have seen.
                   A       B       C       D       E      F
               +-------+-------+-------+-------+-------+----------------------
         Total | 100.0 | 100.0 |   N/A |   N/A | 100.0 |  38.5
       Dungeon | 100.0 | 100.0 |   N/A |   N/A | 100.0 |  38.5
               +-------+-------+-------+-------+-------+----------------------

Table legend: (Time is in decaauts)
 A = Elapsed time spent in this place.
 B = Non-inter-level travel time spent in this place.
 C = Inter-level travel time spent in this place.
 D = Time resting spent in this place.
 E = Time spent auto-exploring this place.
 F = Levels seen in this place.
 G = Mean time per level.
                   A        B        C        D        E       F      G
               +--------+--------+--------+--------+--------+-----+--------+
         Total |   2758 |   2758 |      0 |      4 |   2412 |   2 | 1379.0 |
       Dungeon |   2758 |   2758 |      0 |      4 |   2412 |   2 | 1379.0 |
               +--------+--------+--------+--------+--------+-----+--------+

Top non-repeatable levels by time:
     D:1: 1404 daAuts
     D:2: 1353 daAuts
